Map: Pillars of Gold LE

Players

Erik

  • Race: Zerg Zerg
  • Spawn Location: 7:00

Cham - Winner!

  • Race: Zerg Zerg
  • League: Grandmaster
  • Spawn Location: 1:00

Event: DreamHack SC2 Masters 2020 Winter

VOD

Have the link to the VOD?

Description

Time

  • Played on: Oct. 24, 2020, 3:42 p.m.
  • Length: 5:45

All games in this series

Show
View Real Time Build Order
Export as new Build Order

Erik Zerg 

Build Orders: Pool First 

Get SALT Encoding   

  12  0:00  Drone  
  13  0:08  Drone  
  13  0:14  Extractor  
  13  0:16  Drone  
  15  0:24  Overlord  
  15  0:38  Spawning Pool  
  15  0:42  Drone  
  15  0:45  Drone  
  15  0:49  Drone  
  17  1:10  Hatchery  
  16  1:13  Extractor  
  16  1:15  Drone  
  16  1:25  Zergling x4  
  18  1:27  Zergling x2  
  19  1:38  Zergling x2  
  19  1:39  Queen  
  22  1:48  Overlord  
  22  2:07  Drone  
  23  2:09  Drone  
  23  2:13  Metabolic Boost  
  24  2:16  Queen  
  24  2:20  Drone  
  27  2:24  Drone  
  28  2:32  Drone  
  28  2:35  Drone  
  30  2:50  Drone x5  
  33  3:06  Hatchery  
  33  3:07  Overlord  
  32  3:16  Baneling Nest, Zergling x2  
  32  3:19  Zergling x4  
  34  3:25  Zergling x4  
  34  3:26  Zergling x2  
  37  3:31  Drone x2  
  39  3:38  Drone x2  
  41  3:42  Drone x2  
  43  3:51  Zergling x2  
  41  3:58  Zergling x8  
  41  4:01  Baneling x3  
  41  4:02  Baneling x2  
  44  4:09  Zergling x2  
  43  4:11  Overlord x2  
  32  4:30  Zergling x2  
  32  4:31  Zergling x8  
  21  4:38  Zergling x2  
  21  4:42  Zergling x6  
  21  4:50  Drone  
  20  4:59  Zergling x4  
  18  5:10  Zergling x2  
  19  5:23  Baneling x3  
  18  5:31  Drone  
Show
View Real Time Build Order
Export as new Build Order

Cham Zerg - Winner!

Build Orders: Hatch First 

Get SALT Encoding   

  12  0:00  Drone  
  13  0:08  Drone  
  14  0:17  Overlord  
  14  0:35  Drone x2  
  16  0:50  Hatchery  
  16  0:53  Drone  
  16  0:57  Drone  
  17  1:11  Spawning Pool  
  16  1:13  Drone  
  16  1:16  Extractor  
  16  1:19  Drone  
  16  1:22  Drone  
  18  1:30  Drone  
  19  1:54  Overlord  
  19  1:58  Queen, Zergling x2  
  22  2:02  Queen, Zergling x2  
  25  2:13  Drone x2  
  25  2:14  Drone  
  28  2:17  Metabolic Boost  
  28  2:25  Zergling x4  
  30  2:34  Zergling x4  
  31  2:38  Baneling Nest  
  30  2:46  Zergling x4  
  32  2:57  Overlord  
  32  2:58  Drone  
  33  3:05  Drone  
  33  3:07  Drone  
  33  3:12  Overlord  
  35  3:17  Zergling x6  
  38  3:22  Baneling x2  
  38  3:23  Baneling x2  
  38  3:24  Zergling x2  
  39  3:28  Zergling x2  
  39  3:30  Zergling x2  
  39  3:31  Drone  
  42  3:34  Drone  
  43  3:42  Baneling, Zergling x2  
  43  3:44  Zergling x4  
  45  3:57  Drone x5  
  45  3:59  Drone  
  51  4:03  Drone  
  51  4:13  Overlord  
  45  4:25  Zergling x4  
  45  4:26  Zergling x2  
  45  4:31  Zergling x2  
  45  4:34  Lair  
  45  4:37  Zergling x2  
  46  4:39  Roach Warren  
  46  4:40  Evolution Chamber  
  46  4:43  Baneling x2  
  45  4:45  Zergling x4  
  45  4:52  Zergling x2  
  45  5:01  Baneling x2  
  42  5:09  Zergling x16  
  42  5:13  Extractor x2  
  47  5:18  Baneling x2  
  47  5:19  Zergling x2  
  48  5:23  Hatchery, Zergling x2  
Tags
 
Add a new tag
Caveats
  • Supply blocks, unpowered buildings, or Contaminate may cause inaccurate times.
  • Supply counts are checked every 10 seconds.